 Dungeon Crawl Stone Soup version 0.28-a0-1159-g27aa881441 (webtiles) character file.

Game seed: 299534071830998765

4759 lessens the Severer (level 10, -2/86 HPs)
             Began as a Minotaur Artificer on Dec 15, 2021.
             Was a Priest of Makhleb.
             Slain by an orc warrior (7 damage)
             ... on level 9 of the Dungeon.
             The game lasted 00:15:11 (12084 turns).

lessens the Severer (Minotaur Artificer)           Turns: 12084, Time: 00:15:12

Health: -2/86      AC:  9    Str: 27    XL:     10   Next: 23%
Magic:  9/9        EV: 11    Int:  8    God:    Makhleb [***...]
Gold:   199        SH:  0    Dex: 11    Spells: 9/9 levels left

rFire   . . .      SeeInvis .   X - +5 war axe
rCold   . . .      Faith    .   (no shield)
rNeg    . . .      Spirit   .   q - +3 leather armour
rPois   .          Reflect  .   (helmet restricted)
rElec   .          Harm     .   (no cloak)
rCorr   .          Rampage  .   (no gloves)
Will    .....                   O - +2 pair of boots
Stlth   +.........              (no amulet)
HPRegen 0.24/turn               K - +6 ring of strength
MPRegen 0.11/turn               (no ring)

@: no status effects
A: horns 2, retaliatory headbutt
a: Renounce Religion, Minor Destruction, Lesser Servant of Makhleb


You were on level 9 of the Dungeon.
You worshipped Makhleb.
Makhleb was most pleased with you.
You visited 2 branches of the dungeon, and saw 10 of its levels.
You also visited: Bailey.

You collected 342 gold pieces.
You spent 143 gold pieces at shops.

Inventory:

Hand Weapons
 a - a +1 dagger of venom
 b - a +0 war axe
 f - a +0 mace
 i - a +0 club
 v - a +0 hand axe
 R - a +0 battleaxe
 W - a +0 broad axe
 X - a +5 war axe (weapon)
Missiles
 l - 182 stones
 t - 15 poisoned darts
 J - 2 throwing nets
 N - 3 boomerangs
 Z - a curare-tipped dart
Armour
 q - a +3 leather armour (worn)
 x - a +0 leather armour
 y - a +0 pair of boots
 O - a +2 pair of boots (worn)
 P - a +0 ring mail
 U - a +1 scale mail of poison resistance
 V - a +2 leather armour of fire resistance
 Y - a +0 kite shield
Jewellery
 G - a ring of magical power
 K - a +6 ring of strength (left hand)
Wands
 c - a wand of flame (5) (quivered)
 d - a wand of charming (6)
Scrolls
 g - 7 scrolls of identify {unknown}
 h - 2 scrolls of fog {unknown}
 k - 5 scrolls of holy word {unknown}
 r - a scroll of summoning {unknown}
 s - 4 scrolls of vulnerability {unknown}
 u - a scroll of silence {unknown}
 w - 5 scrolls of teleportation {unknown}
 H - 2 scrolls of blinking {unknown}
 L - a scroll of noise {unknown}
 M - 2 scrolls of enchant armour {unknown}
 Q - a scroll of amnesia {unknown}
 S - 2 scrolls of magic mapping {unknown}
Potions
 j - 2 potions of resistance
 m - a potion of might
 n - a potion of ambrosia {unknown}
 o - 4 potions of curing {unknown}
 p - 3 potions of heal wounds {unknown}
 z - a potion of magic {unknown}
 A - 2 potions of mutation {unknown}
 B - 2 potions of flight {unknown}
 C - a potion of lignification {unknown}
 D - a potion of attraction {unknown}
 E - 2 potions of degeneration {unknown}
 F - a potion of cancellation {unknown}
 I - a potion of berserk rage {unknown}
Miscellaneous
 e - a piece from Xom's chessboard (11/15)
 T - a phial of floods


   Skills:
 - Level 7.1 Fighting
 + Level 16.0 Axes
 - Level 2.4 Armour
 - Level 1.1 Dodging
 - Level 0.7 Stealth
 - Level 2.6 Evocations


You had 9 spell levels left.
You didn't know any spells.
Your spell library contained the following spells:

 Spells                   Type           Power      Damage    Failure   Level
 Animate Skeleton         Necr           0%         N/A       43%         1
 Apportation              Tloc           0%         N/A       43%         1
 Summon Small Mammal      Summ           0%         N/A       43%         1
 Ignite Poison            Fire/Tmut/Pois 0%         N/A       82%         3
 Mephitic Cloud           Conj/Pois/Air  0%         N/A       82%         3
 Olgreb's Toxic Radiance  Pois           0%         N/A       99%         4
 Freezing Cloud           Conj/Ice/Air   0%         6-21      100%        5
 Ozocubu's Refrigeration  Ice            0%         4d5       100%        7
 Ignition                 Fire           0%         3d3       100%        8


Dungeon Overview and Level Annotations

Branches:
Dungeon (9/15)             Temple (1/1) D:4          Bailey (visited)
   Lair: D:8-11         Orc: D:9-12

Altars:
Ashenzari
Cheibriados
Dithmenos
Elyvilon
Fedhas
Gozag
Hepliaklqana
Kikubaaqudgha
Makhleb
Okawaru
Qazlal
Ru
Sif Muna
Uskayaw
Wu Jian
Xom
Yredelemnul
Zin
The Shining One

Shops:
D:7 (

Annotations:
D:5 exclusion: door
D:6 1 runed translucent door, ThrustWizard's ghost, novice GrGl


Innate Abilities, Weirdness & Mutations

You have a pair of horns on your head.
You reflexively headbutt those who attack you in melee.


Message History

The orc warrior hits you with a +0 mace!
You hear some strange, mumbled words.
Something tries to affect you, but you resist.
You struggle against the net.
The gnoll hits you but does no damage.
The orc warrior hits you with a +0 mace!
The gnoll hits you with a +0 spear.
* * * LOW HITPOINT WARNING * * *
You hear some strange, mumbled words.
Something tries to affect you, but you resist.
You shred the net and break free!
The gnoll sergeant hits you with a +0 spear.
* * * LOW HITPOINT WARNING * * *
The gnoll hits you but does no damage.
The orc warrior hits you but does no damage.
The gnoll hits you but does no damage. Something hits you but does no damage.
You slash the gnoll! Your headbutt misses the gnoll.
The gnoll is almost dead.
You slash something! Makhleb accepts your kill.
You feel better.
Reactivating autopickup.
You feel a bit more experienced.
You closely miss the orc warrior.
You hit the gnoll sergeant but do no damage.
The gnoll sergeant closely misses you.
The gnoll hits you from afar with a +0 spear!
* * * LOW HITPOINT WARNING * * *
The orc warrior hits you with a +0 mace!
* * * LOW HITPOINT WARNING * * *
The gnoll barely misses you. You furiously retaliate!
You headbutt the gnoll!
You kill the gnoll!
Makhleb accepts your kill.
You hit the orc warrior but do no damage.
The orc warrior is heavily wounded.
You hit the gnoll sergeant. You hit the gnoll.
The gnoll sergeant hits you but does no damage.
The gnoll hits you but does no damage.
The gnoll hits you from afar with a +0 spear.
* * * LOW HITPOINT WARNING * * *
The orc warrior hits you with a +0 mace!
You die...

...... ...... ......
#(.# ......##### #..#
.........?# #..#
......g.#.# #..#
......)g).##########..#
......g@....!.....##..#
..#####o#.#######.##..#
...#.# #.##..#
..#..#.#######.##..# ##
#..#.........##..#
#.#######..#...[.# #.
#..#.##.## ..
#.......###
##....##.##.


You could see an orc warrior, a gnoll sergeant and 2 gnolls.

Vanquished Creatures
  An orc knight (Bailey)
  Grinder (D:3)
  3 wyverns (D:7)
  A steam dragon (D:8)
  3 water moccasins
  A black bear (D:6)
  4 orc warriors
  2 sky beasts
  2 ogres
  A centaur (D:7)
  3 kobold brigands
  3 bullfrogs
  A gnoll sergeant (D:8)
  A scorpion (D:6)
  2 water moccasin zombies
  6 killer bees (D:9)
  3 wights (D:8)
  3 electric eels (D:6)
  A bullfrog zombie (D:6)
  5 centaur zombies
  2 jellies
  A bullfrog skeleton (D:5)
  A gnoll shaman (D:7)
  3 hounds
  2 orc priests
  A centaur skeleton (D:5)
  3 iguanas
  A scorpion zombie (D:5)
  4 orc wizards
  A hound zombie (D:5)
  A hound skeleton (D:4)
  A howler monkey zombie (D:8)
  4 adders
  19 gnolls
  2 shadow imps
  A white imp (D:6)
  An ufetubus (D:6)
  3 worms
  3 dart slugs
  18 orcs
  5 endoplasms
  6 giant cockroaches
  17 goblins
  11 hobgoblins
  2 quokkas
  4 ball pythons
  3 bats
  11 frilled lizards
  14 kobolds
  7 rats
199 creatures vanquished.

Vanquished Creatures (collateral kills)
  A hornet (D:7)
  An orc warrior (Bailey)
  An ogre (D:7)
  An iguana (D:7)
  A gnoll (Bailey)
  2 orcs (Bailey)
  2 goblins (Bailey)
  A hobgoblin (Bailey)
10 creatures vanquished.

Vanquished Creatures (others)
  A kobold brigand (D:8)
  A kobold (D:8)
  6 plants (D:6)
8 creatures vanquished.

Grand Total: 217 creatures vanquished

Notes
Turn   | Place    | Note
-------+----------+-------------------------------------------
     0 | D:1      | lessens the Minotaur Artificer began the quest for the Orb.
     0 | D:1      | Reached XP level 1. HP: 16/16 MP: 0/0
   539 | D:1      | Reached XP level 2. HP: 20/25 MP: 1/1
  1267 | D:2      | Reached XP level 3. HP: 12/33 MP: 2/2
  1724 | D:2      | Found a shimmering altar of Xom.
  1758 | D:2      | Found a faded altar of an unknown god.
  2112 | D:2      | You fall into a shaft and drop 2 floors!
  2128 | D:4      | Noticed a bullfrog
  2139 | D:4      | Killed a bullfrog
  2140 | D:4      | Reached skill level 5 in Fighting
  2140 | D:4      | Reached XP level 4. HP: 31/44 MP: 3/3
  2150 | D:4      | Reached XP level 5. HP: 19/50 MP: 4/4
  2193 | D:4      | Noticed an ogre
  3042 | D:3      | Noticed Grinder
  3043 | D:3      | Paralysed by Grinder for 5 turns
  3977 | D:3      | Killed Grinder
  3978 | D:3      | Reached skill level 4 in Axes
  3978 | D:3      | Reached XP level 6. HP: 59/60 MP: 5/5
  4189 | D:4      | Found a staircase to the Ecumenical Temple.
  4244 | Temple   | Entered the Ecumenical Temple
  4428 | Temple   | Became a worshipper of Makhleb the Destroyer
  4697 | D:4      | Reached skill level 5 in Axes
  4697 | D:4      | Reached XP level 7. HP: 58/66 MP: 6/6
  5316 | D:5      | Entered Level 5 of the Dungeon
  5387 | D:5      | Reached skill level 6 in Axes
  5867 | D:5      | Noticed a hornet
  5972 | D:5      | Reached skill level 7 in Axes
  6304 | D:5      | Found a snail-covered altar of Cheibriados.
  6392 | D:6      | Reached skill level 8 in Axes
  6496 | D:6      | Reached XP level 8. HP: 73/73 MP: 7/7
  6564 | D:6      | Found a runed translucent door.
  6638 | D:6      | Reached * piety under Makhleb
  6885 | D:6      | Reached skill level 9 in Axes
  6917 | D:6      | Noticed ThrustWizard's ghost (novice GrGl)
  7443 | D:6      | Reached skill level 10 in Axes
  8334 | D:7      | Noticed a two-headed ogre
  8338 | D:7      | Noticed a hornet
  8347 | D:7      | Killed a hornet
  8348 | D:7      | Reached skill level 11 in Axes
  8352 | D:7      | Reached XP level 9. HP: 7/79 MP: 8/8
  8675 | D:7      | Reached skill level 12 in Axes
  9064 | D:7      | Found an iron altar of Okawaru.
  9085 | D:7      | Found a white marble altar of Elyvilon.
  9230 | D:7      | Reached skill level 13 in Axes
  9892 | D:7      | Found Nuxio's Antique Weapon Boutique.
  9901 | D:7      | Reached ** piety under Makhleb
  9913 | D:7      | Bought a battleaxe for 143 gold pieces
 10289 | D:8      | Found a flagged portal.
 10308 | Bailey   | Entered a bailey
 10333 | Bailey   | Noticed an orc knight
 10336 | Bailey   | Reached skill level 14 in Axes
 10363 | Bailey   | Killed an orc knight
 10885 | D:8      | Found a glowing silver altar of Zin.
 10892 | D:8      | Reached skill level 15 in Axes
 11409 | D:8      | Reached XP level 10. HP: 85/86 MP: 9/9
 11969 | D:9      | Reached *** piety under Makhleb
 12076 | D:9      | Reached skill level 16 in Axes
 12084 | D:9      | Slain by an orc warrior

Illustrated notes

Levels and vault maps discovered:
D:1:      wander_arrival_chamber, layout_loops_cross
D:2:      layout_loops_cross, basic_altar, chequers_ecumenical_altar_simple,
          st_stairs_2, nicolae_figureground_pulse
D:3:      layout_loops_ring, uniq_grinder
D:4:      layout_loops_corners, minmay_temple_entry_trees
D:5:      layout_gridville, kennysheep_little_box, serial_bayou_pond_a
D:6:      layout_basic, ebering_ghost_sewer_d, chequers_big_river,
          lexackson_kobold_supper
D:7:      layout_cave_pods, grunt_temple_overflow_open, serial_glass,
          glass_columns_a, glass_columns_c, glass_columns_b, glass_columns_c,
          serial_shops, shop
D:8:      layout_cave_pools, zin_academy, enter_bailey_3, serial_rivers,
          chequers_serial_rivers_micro_b, chequers_serial_rivers_large_a,
          chequers_serial_rivers_room_b, chequers_serial_rivers_micro_a
D:9:      minmay_evil_eye, layout_basic, nicolae_vehumet_radiance
Temple:   regret_index_temple_waves

Skill      XL: |  1  2  3  4  5  6  7  8  9 10 |
---------------+-------------------------------+-----
Fighting       | 2 3 5 6 7 |  7.1
Axes           | 4 5 8 11 15 16 | 16.0
Armour         | |  2.4
Dodging        | |  1.1
Stealth        | |  0.7
Evocations     | |  2.6

Action                   |  1- 3 |  4- 6 |  7- 9 | 10-12 || total
-------------------------+-------+-------+-------+-------++-------
Melee: Dagger            |    74 |    88 |    82 |       ||   244
       Mace              |     3 |       |       |       ||     3
       Headbutt          |     9 |    15 |    58 |    11 ||    93
       Club              |     1 |       |       |       ||     1
       War axe           |       |       |   188 |    44 ||   232
       Battleaxe         |       |       |    14 |       ||    14
Evoke: Piece from Xom's  |       |    11 |    10 |       ||    21
       Wand              |       |    12 |    12 |       ||    24
  Use: Potion            |       |       |     1 |       ||     1
 Stab: Sleeping          |     1 |       |     1 |       ||     2
Armor: Leather armour    |    23 |    16 |   178 |    26 ||   243
Dodge: Dodged            |    38 |    47 |   271 |    33 ||   389

Table legend: (Time is in decaauts)
 A = Elapsed time spent in this place.
 B = Non-inter-level travel time spent in this place.
 C = Inter-level travel time spent in this place.
 D = Time resting spent in this place.
 E = Time spent auto-exploring this place.
 F = Levels seen in this place.
 G = Mean time per level.
                   A        B        C        D        E       F      G
               +--------+--------+--------+--------+--------+-----+--------+
         Total |  12100 |  11665 |    435 |   1501 |   8225 |  11 | 1100.0 |
       Dungeon |  11343 |  10968 |    375 |   1132 |   8083 |   9 | 1260.3 |
        Temple |    216 |    156 |     60 |      0 |    142 |   1 |  216.0 |
        Bailey |    541 |    541 |      0 |    369 |      0 |   1 |  541.0 |
               +--------+--------+--------+--------+--------+-----+--------+

Top non-repeatable levels by time:
     D:6: 2246 daAuts
     D:2: 1745 daAuts
     D:7: 1575 daAuts
     D:8: 1258 daAuts
     D:4: 1216 daAuts
     D:1: 1199 daAuts
     D:5: 1048 daAuts
     D:3: 943 daAuts
  Bailey: 541 daAuts
  Temple: 216 daAuts
     D:9: 110 daAuts
